 Dungeon Crawl Stone Soup version 0.31-a0-841-g038b102fc3 (webtiles) character file.

Game seed: 18392997409353553135

24 Bravepunisher the Ducker (level 2, -11/16 HPs)
             Began as a Spriggan Monk on Sept 27, 2023.
             Killed by nerve-wracking pain
             ... invoked by an orc priest
              (14 damage)
             ... on level 7 of the Dungeon.
             The game lasted 00:04:39 (1079 turns).

Bravepunisher the Ducker (Spriggan Monk)            Turns: 1079, Time: 00:04:40

Health: -11/16     AC:  2    Str:  7    XL:     2   Next: 79%
Magic:  3/3        EV: 19    Int: 11    God:
Gold:   34         SH:  0    Dex: 17    Spells: 1/1 levels left

rFire   . . .        a - +0 short sword
rCold   . . .        (no shield)
rNeg    . . .        b - +0 robe
rPois   .            (helmet restricted)
rElec   .            (no cloak)
rCorr   .            (gloves unavailable)
SInv    +            (boots unavailable)
Will    .....        (no amulet)
Stlth   ++           (no ring)
HPRegen 0.22/turn    (no ring)
MPRegen 0.08/turn

%: no passive effects
@: very quick
A: very small, no large weapons, unfitting armour, see invisible, speed 3
a: no special abilities


You were on level 7 of the Dungeon.
You visited 1 branch of the dungeon, and saw 7 of its levels.

You collected 34 gold pieces.

Inventory:

Hand Weapons
 a - a +0 short sword (weapon)
Armour
 b - a +0 robe (worn)
Wands
 d - a wand of paralysis (3)
Potions
 c - a potion of ambrosia
 e - a potion of attraction {unknown}
 f - a potion of resistance {unknown}
 g - a potion of lignification {unknown}


   Skills:
 * Level 3.1 Fighting
 - Level 3.2 Short Blades
 + Level 4.5 Dodging


You had one spell level left.
You didn't know any spells.
Your spell library contained the following spells:

 Spells                   Type           Power      Damage    Failure   Level
 Static Discharge         Conj/Air       0%         2-2/arc   47%         2
 Airstrike                Air            0%         2d(0-16)  98%         4
 Summon Lightning Spire   Summ/Air       0%         N/A       98%         4


Dungeon Overview and Level Annotations

Branches:
Dungeon (7/15)
 Temple: D:4-7

Altars:
Cheibriados

Annotations:
D:4 Dowan, Duvessa
D:6 Blork the orc


Innate Abilities, Weirdness & Mutations

You are very small and have problems with some larger weapons.
You are too small for most types of armour.
You have supernaturally acute eyesight. (SInv)
You cover ground extremely quickly. (Speed+++)


Message History

Found a book of Storms.
There is a stone staircase leading up here.
You pick up a book of Storms and begin reading...
You add the spells Static Discharge, Airstrike and Summon Lightning Spire to your library.
An orc comes into view. It is wielding a +0 morningstar.
Found a spear.
Unknown command.
Found a stone staircase leading up.
Found a stone staircase leading down.
There is a stone staircase leading up here.
You climb upwards.
Level annotation: Blork the orc
Found a dagger.
There is a stone staircase leading down here.
You climb downwards.
There is a stone staircase leading up here.
The orc shouts!
An orc priest comes into view. It is wielding a +0 club.
There is a stone staircase leading up here.
An orc and an orc priest come into view.
The orc priest shouts!
You hear a shout!
An orc wizard comes into view. It is wielding a +0 dagger.
An orc comes into view. It is wielding a +0 club.
The orc moves out of view.
An orc comes into view.
It is wielding a +0 mace. 4 wights come into view.
The orc priest invokes the aid of Beogh against you.
Beogh smites you!
Ouch! That really hurt!
* * * LOW HITPOINT WARNING * * *
A jelly comes into view.
Found 5 stones.
A wight comes into view. It is wielding a +0 long sword.
Found a granite ring.
You see here 5 stones.
The orc shouts!
You hear a shout!
The orc priest invokes the aid of Beogh against you.
Pain shoots through your body!
Ouch! That really hurt!
You die...

#...# ... ###.#
... #z# #.# #.#
#z# #.# #.# #.#
#(# #.#######.#
#...zo....#####
##.....oo...@.#
#.#####.o###.#
#.# #..# .# #o#
#.... .. #.#
#.###J.## #o#
#.# #..#
######.#####..
...#
#............#
#..#
#.####.#####.#
#o.#


You could see an orc priest, an orc wizard and 2 orcs.

Vanquished Creatures
  2 adders (D:2)
  An endoplasm (D:3)
  A giant cockroach (D:2)
  2 kobolds (D:2)
  A bat (D:3)
7 creatures vanquished.

Notes
Turn   | Place    | Note
-------+----------+-------------------------------------------
     0 | D:1      | Bravepunisher the Spriggan Monk began the quest for the
                  | Orb.
     0 | D:1      | Reached XP level 1. HP: 11/11 MP: 2/2
    87 | D:2      | Reached XP level 2. HP: 13/16 MP: 3/3
   528 | D:4      | Noticed a black bear
   547 | D:5      | Entered Level 5 of the Dungeon
   560 | D:5      | Noticed a black bear
   563 | D:5      | Found a snail-covered altar of Cheibriados.
   573 | D:5      | Noticed a howler monkey
   578 | D:5      | Noticed an ogre
   596 | D:5      | Noticed a scorpion
   599 | D:5      | Noticed a centaur
   605 | D:5      | Noticed an ice beast
   718 | D:6      | Noticed a howler monkey
   719 | D:6      | Noticed Blork the orc
   811 | D:4      | Noticed Duvessa
   816 | D:4      | Noticed Dowan
   879 | D:4      | Noticed an ogre
  1008 | D:6      | Noticed a phantom
  1058 | D:7      | Noticed a wight
  1058 | D:7      | Noticed a wight
  1058 | D:7      | Noticed a wight
  1058 | D:7      | Noticed a wight
  1073 | D:7      | Noticed a wight
  1079 | D:7      | Killed from afar by an orc priest

Illustrated notes

Levels and vault maps discovered:
D:1:      minmay_arrival_radiant_lines, layout_basic, serial_shops,
          nicolae_shop_real_fake_doors, minmay_misc_feat_encased
D:2:      layout_loops_cross, chequers_ecumenical_altar_island, serial_shops,
          nicolae_shop_advertising_works [nicolae_subvault_shop_adworks]
D:3:      layout_rooms, minmay_misc_feat_diagonals, kennysheep_generic_room_2
D:4:      layout_cave_pools, grunt_ministairs_13, kennysheep_potato,
          uniq_duvessa
D:5:      kennysheep_windowed_halls, layout_basic, elyvilon_altar_5,
          lemuel_crystal_altar
D:6:      layout_basic, minmay_temple_entry_statues, nicolae_shop_gadgets,
          uniq_crazy_yiuf_cottage, uniq_blork_the_orc
D:7:      cheibrodos_fzero, layout_loops_ring, mainiacjoe_overflow_boulevard

Skill      XL: |  1  2 |
---------------+-------+-----
Fighting       | 3 |  3.1
Short Blades   | |  3.2
Dodging        | |  4.5

Action                     || total
---------------------------++-------
  Melee: Short sword       ||    43
         Punch             ||     2
    Use: Potion            ||     1
 Armour: Robe              ||    27
  Dodge: Dodged            ||    89

Table legend: (Time is in decaauts)
 A = Elapsed time spent in this place.
 B = Non-inter-level travel time spent in this place.
 C = Inter-level travel time spent in this place.
 D = Time resting spent in this place.
 E = Time spent auto-exploring this place.
 F = Levels seen in this place.
 G = Mean time per level.
                   A        B        C        D        E       F      G
               +--------+--------+--------+--------+--------+-----+--------+
         Total |    712 |    712 |      0 |      0 |    216 |   7 |  101.7 |
       Dungeon |    712 |    712 |      0 |      0 |    216 |   7 |  101.7 |
               +--------+--------+--------+--------+--------+-----+--------+

Top non-repeatable levels by time:
     D:2: 219 daAuts
     D:4: 134 daAuts
     D:5: 124 daAuts
     D:3: 98 daAuts
     D:7: 55 daAuts
     D:6: 44 daAuts
     D:1: 35 daAuts
